 Dungeon Crawl Stone Soup version 0.31-a0-968-g24f9ace8b5 (webtiles) character file.

Game seed: 10537845887632881087

114 Dirtsage the Insei (level 4, -6/29 HPs)
             Began as an Octopode Shapeshifter on Oct 27, 2023.
             Splashed by a jelly's acid (7 damage)
             ... on level 4 of the Dungeon.
             The game lasted 00:03:09 (2336 turns).

Dirtsage the Insei (Octopode Shapeshifter)          Turns: 2336, Time: 00:03:10

Health: -6/29      AC: -3    Str: 13    XL:     4   Next: 97%
Magic:  4/4        EV: 13    Int: 12    God:
Gold:   138        SH:  0    Dex: 13    Spells: 3/3 levels left

rFire   . .          .
                       - Unarmed
rCold   . . .        (no shield)
rNeg    . . .        (helmet currently unavailable)
rPois   .            (no amulet)
rElec   .            (no ring)
rCorr   .            (no ring)
SInv    .            (no ring)
Will    .....        (no ring)
Stlth   ++           (no ring)
HPRegen 0.24/turn    (no ring)
MPRegen 0.09/turn    (no ring)
                     (no ring)

%: no passive effects
@: beast-form, corroded
A: beast (slay +2), almost no armour, amphibious, 8 rings, camouflage 1,
gelatinous body 1, (nimble swimmer 1), tentacles
a: Begin Untransformation


You were on level 4 of the Dungeon.
You were a hulking beast.
You visited 1 branch of the dungeon, and saw 4 of its levels.

You collected 138 gold pieces.

Inventory:

Magical Staves
 j - a staff of earth
Talismans
 b - a beast talisman
 c - a flux talisman
Scrolls
 d - a scroll of enchant weapon {unknown}
 e - 2 scrolls of identify {unknown}
 h - 2 scrolls of vulnerability {unknown}
 i - 2 scrolls of teleportation {unknown}
 k - a scroll of poison {unknown}
 l - 2 scrolls of amnesia {unknown}
Potions
 a - a potion of lignification
 f - a potion of brilliance {unknown}
 g - a potion of curing {unknown}
 m - 2 potions of berserk rage {unknown}


   Skills:
 + Level 2.1 Fighting
 - Level 2.0 Dodging
 * Level 4.1 Unarmed Combat
 * Level 4.0 Shapeshifting


You had 3 spell levels left.
You didn't know any spells.
Your spell library contained the following spells:

 Spells                   Type           Power      Damage    Failure   Level
 Blink                    Tloc           0%         N/A       45%         2
 Manifold Assault         Tloc           0%         N/A       97%         4
 Vhi's Electric Charge    Tloc/Air       0%         N/A       97%         4
 Arcjolt                  Conj/Air       0%         1d10      100%        5
 Maxwell's Capacitive Co  Air            0%         ∞         100%        8


Dungeon Overview and Level Annotations

Branches:
Dungeon (4/15)
 Temple: D:4-7

Altars:
Makhleb

Annotations:
D:2 1 runed translucent door, Crazy Yiuf


Innate Abilities, Weirdness & Mutations

You are a hulking beast.
Your limbs bulge with bestial killing power. (Slay +2)
You cannot wear most types of armour.
You are amphibious.
You can wear up to eight rings at the same time.
Your skin changes colour to match your surroundings (Stealth+).
Your rubbery body absorbs attacks. (AC +1, EV +1)
((You are camouflaged when in or above water. (Stealth+)))
You have tentacles for arms and can constrict up to eight enemies at once.


Message History

Things that are here:
a +0 club; a +0 sling; a goblin corpse You pick up an Inescapable Atlas and begin reading...
You add the spells Blink and Manifold Assault to your library.
Found a stone staircase leading down.
There is a stone staircase leading down here.
l - 2 scrolls labelled ORREOB HEONGE (gained 1) Done exploring.
Done exploring.
There is a stone staircase leading down here.
You climb downwards.
There is a stone staircase leading up here.
A jelly comes into view.
The jelly quivers.
You enter the shallow water.
You have nothing you can fire or use right now.
You tentacle-slap the jelly.
Your tentacles burn!
You squeeze the jelly!
You kill the jelly!
Your Unarmed Combat skill increases to level 4!
Your Shapeshifting skill increases to level 4!
You now have 138 gold pieces (gained 11).
A jelly comes into view.
The jelly quivers.
The jelly hits you.
You are splashed with acid!
You take 11 damage, and have 18/29 hp.
MASSIVE DAMAGE!!
You completely miss the jelly. You squeeze the jelly.
The jelly is lightly wounded.
The jelly closely misses you.
You tentacle-slap the jelly.
Your tentacles burn!
The jelly is heavily wounded.
The jelly hits you.
You are splashed with acid!
* * * LOW HITPOINT WARNING * * *
You take 13 damage, and have 5/29 hp.
MASSIVE DAMAGE!!
You tentacle-slap the jelly. The acid corrodes you!
Your tentacles burn!
* * * LOW HITPOINT WARNING * * *
The jelly is severely wounded.
The jelly hits you.
* * * LOW HITPOINT WARNING * * *
You are splashed with acid!
You die...

.......<.##.
#....###.... ##.
####. #### #.# ...#
#.# #.. #.# ###
####### #.# #
#.hJ..# #.# ###
#.###.# #.# #.. #.#
#.# #.# ### #.#
#.###.###.###.###.#
##.#................
#..#.#.##...##.###.#
##...#.#.....### #.#
#.....##...## #.#
#########.## #..


You could see a jelly.

Vanquished Creatures
  A jelly (D:4)
  2 adders (D:2)
  A worm (D:2)
  A dart slug (D:1)
  3 orcs (D:3)
  7 bats
  7 endoplasms
  2 giant cockroaches (D:2)
  2 hobgoblins
  4 jackals (D:2)
  3 kobolds (D:1)
  A quokka (D:2)
  6 ball pythons
  A frilled lizard (D:1)
  5 goblins
  11 rats
57 creatures vanquished.

Notes
Turn   | Place    | Note
-------+----------+-------------------------------------------
     0 | D:1      | Dirtsage the Octopode Shapeshifter began the quest for the
                  | Orb.
     0 | D:1      | Reached XP level 1. HP: 13/13 MP: 1/1
   309 | D:1      | Reached XP level 2. HP: 18/18 MP: 2/2
   941 | D:2      | Reached XP level 3. HP: 18/23 MP: 3/3
  1135 | D:2      | Reached XP level 4. HP: 29/29 MP: 4/4
  1286 | D:2      | Found a burning altar of Makhleb.
  1523 | D:2      | Found a runed translucent door.
  1524 | D:2      | Noticed Crazy Yiuf
  2336 | D:4      | HP: 1/29 [jelly (3)]
  2336 | D:4      | Splashed by a jelly's acid

Illustrated notes

Levels and vault maps discovered:
D:1:      zelgadis_glass_arrival_large, layout_loops_corners, chequers_jeans
D:2:      layout_rooms, basic_altar, hangedman_decor_growths,
          serial_bayou_crossing, uniq_crazy_yiuf_cottage
D:3:      layout_loops_ring
D:4:      minmay_octagon_keep, layout_loops_corners, minmay_temple_entry_glass,
          serial_shops, shop, amcnicky_mini_pool_small, nrook_campfire,
          minmay_fractal_squares_diagonal_5

Skill      XL: |  1  2  3  4 |
---------------+-------------+-----
Fighting       | 2 |  2.1
Unarmed Combat | 4 |  4.1
Shapeshifting  | 4 |  4.0
Dodging        | |  2.0

Action                     |  1- 3 |  4- 6 || total
---------------------------+-------+-------++-------
  Melee: Unarmed           |    66 |    45 ||   111
         Constrict         |    13 |     9 ||    22
         Tentacles         |     8 |     7 ||    15
         Punch             |     1 |     1 ||     2
   Stab: Sleeping          |     9 |     2 ||    11
 Armour: Skin              |    12 |    19 ||    31
  Dodge: Dodged            |    44 |    26 ||    70

Table legend: (Time is in decaauts)
 A = Elapsed time spent in this place.
 B = Non-inter-level travel time spent in this place.
 C = Inter-level travel time spent in this place.
 D = Time resting spent in this place.
 E = Time spent auto-exploring this place.
 F = Levels seen in this place.
 G = Mean time per level.
                   A        B        C        D        E       F      G
               +--------+--------+--------+--------+--------+-----+--------+
         Total |   2326 |   2266 |     60 |      0 |   1915 |   4 |  581.5 |
       Dungeon |   2326 |   2266 |     60 |      0 |   1915 |   4 |  581.5 |
               +--------+--------+--------+--------+--------+-----+--------+

Top non-repeatable levels by time:
     D:1: 852 daAuts
     D:3: 707 daAuts
     D:2: 698 daAuts
     D:4: 68 daAuts
